 Dungeon Crawl Stone Soup version 0.31-a0-851-g7ff8af7976 (webtiles) character file.

Game seed: 6250218291963190478

533 Pixllover the Chopper (level 7, 0/62 HPs)
             Began as a Hill Orc Monk on Oct 6, 2023.
             Splashed by a jelly's acid (5 damage)
             ... on level 5 of the Dungeon.
             The game lasted 00:09:06 (3271 turns).

Pixllover the Chopper (Hill Orc Monk)               Turns: 3271, Time: 00:09:07

Health: 0/62       AC: -5    Str: 16    XL:     7   Next: 24%
Magic:  7/7        EV: 10    Int: 10    God:
Gold:   214        SH:  0    Dex: 13    Spells: 6/6 levels left

rFire   . . .        a - +0 hand axe
rCold   . . .        d - orb {light}
rNeg    . . .        q - +0 scale mail
rPois   .            m - +2 helmet
rElec   .            (no cloak)
rCorr   .            (no gloves)
SInv    .            w - +0 pair of boots
Will    .....        g - amulet of regeneration Stlth
                     (no ring)
HPRegen 1.10/turn    (no ring)
MPRegen 0.10/turn

%: no passive effects
@: corroded, glowing
A: no striking features
a: no special abilities


You were on level 5 of the Dungeon.
You visited 2 branches of the dungeon, and saw 6 of its levels.

You collected 244 gold pieces.
You spent 30 gold pieces at shops.

Inventory:

Hand Weapons
 a - a +0 hand axe (weapon)
Missiles
 i - 3 atropa-tipped darts
 A - 4 javelins
Armour
 d - an orb of light (worn)
 m - a +2 helmet (worn)
 q - a +0 scale mail (worn)
 w - a +0 pair of boots (worn)
Jewellery
 b - an amulet of reflection
 g - an amulet of regeneration (around neck)
 t - a ring of protection from cold
Wands
 l - a wand of polymorph (6)
Scrolls
 e - a scroll of amnesia {unknown}
 f - 2 scrolls of poison
 j - 8 scrolls of identify {unknown}
 n - a scroll of silence {unknown}
 u - a scroll of enchant weapon {unknown}
 v - a scroll of enchant armour {unknown}
 x - a scroll of vulnerability {unknown}
 y - a scroll of fear {unknown}
 B - a scroll of noise {unknown}
Potions
 c - 2 potions of magic {unknown}
 h - a potion of enlightenment {unknown}
 k - 2 potions of mutation {unknown}
 o - a potion of haste {unknown}
 p - a potion of cancellation {unknown}
 s - a potion of lignification {unknown}
 z - a potion of attraction {unknown}


   Skills:
 + Level 5.6 Fighting
 + Level 7.7 Axes
 + Level 2.7 Armour
 + Level 3.4 Dodging
 + Level 0.4 Stealth


You had 6 spell levels left.
You didn't know any spells.
Your spell library was empty.

Dungeon Overview and Level Annotations

Branches:
Dungeon (5/15)             Temple (1/1) D:4

Altars:
Cheibriados
Dithmenos
Elyvilon
Fedhas
Gozag
Hepliaklqana
Kikubaaqudgha
Makhleb
Nemelex Xobeh
Okawaru
Qazlal
Ru
Sif Muna
Vehumet
Wu Jian
Xom
Zin
The Shining One

Shops:
D:3 ([:*!


Message History

The hound barely misses you.
You slash the hound!
You kill the hound!
You see here a hound corpse.
You now have 214 gold pieces (gained 6).
You open the door.
A jelly comes into view.
The jelly quivers.
There is an open door here.
The jelly closely misses you.
You hit the jelly but do no damage. The acid corrodes you!
Your hands burn!
The jelly hits you. The acid corrodes you!
You are splashed with acid!
You hit the jelly.
Your hands burn!
The jelly is moderately wounded.
The jelly closely misses you.
You hit the jelly but do no damage.
Your hands burn!
The jelly is moderately wounded.
The jelly hits you. The acid corrodes you!
You are splashed with acid.
You slash the jelly!
Your hands burn!
The jelly is severely wounded.
The jelly completely misses you.
You hit the jelly but do no damage.
Your hands burn!
The jelly is severely wounded.
The jelly hits you.
You are splashed with acid!
* * * LOW HITPOINT WARNING * * *
You hit the jelly but do no damage.
Your hands burn!
* * * LOW HITPOINT WARNING * * *
The jelly is severely wounded.
The jelly hits you.
* * * LOW HITPOINT WARNING * * *
You are splashed with acid.
* * * LOW HITPOINT WARNING * * *
You feel better. The jelly hits you.
* * * LOW HITPOINT WARNING * * *
You are splashed with acid!
* * * LOW HITPOINT WARNING * * *
The jelly attacks as it pursues you! The jelly hits you.
* * * LOW HITPOINT WARNING * * *
The acid corrodes you!
You are splashed with acid.
You die...

##.###.#...+
.........#.#
#.........#
######.#..#
#.#..#
#.#..###
#.#†.#.##
#.#..#..##
#.#..@J..#
#.#..#....#
#.#..#.....#
#.#..##.....#
#.#..#
#.....#
#.#..# ##+###
#######.#...
...)....#.##
###.###.#.#


You could see a jelly.

Vanquished Creatures
  2 scorpions (D:4)
  A howler monkey (D:4)
  A jelly (D:4)
  2 hounds (D:5)
  2 sleepcaps
  Robin (D:2)
  3 gnolls (D:3)
  3 adders
  4 river rats (D:4)
  A worm (D:2)
  2 dart slugs
  11 orcs
  9 endoplasms
  5 giant cockroaches
  12 goblins
  7 hobgoblins
  4 jackals (D:4)
  7 kobolds
  4 quokkas
  7 ball pythons
  7 bats
  A frilled lizard (D:2)
  23 rats
119 creatures vanquished.

Notes
Turn   | Place    | Note
-------+----------+-------------------------------------------
     0 | D:1      | Pixllover the Hill Orc Monk began the quest for the Orb.
     0 | D:1      | Reached XP level 1. HP: 19/19 MP: 1/1
   198 | D:1      | Reached XP level 2. HP: 26/27 MP: 2/2
   559 | D:1      | Reached XP level 3. HP: 30/33 MP: 3/3
  1248 | D:2      | Noticed Robin
  1257 | D:2      | Reached skill level 5 in Axes
  1261 | D:2      | Killed Robin
  1334 | D:2      | Reached XP level 4. HP: 40/40 MP: 4/4
  1406 | D:2      | Found a faded altar of an unknown god.
  1766 | D:3      | Found Pumotidgh's Weapon Emporium.
  1856 | D:3      | Found Monu's Assorted Antiques.
  1886 | D:3      | Found Omiamipi's Distillery.
  1904 | D:3      | Bought a potion of curing for 30 gold pieces
  1987 | D:3      | Found Xamin's Book Emporium.
  2060 | D:3      | Reached XP level 5. HP: 47/47 MP: 5/5
  2062 | D:3      | Reached skill level 6 in Axes
  2253 | D:3      | Found Rudes's Antique Armour Shoppe.
  2548 | D:4      | Reached skill level 1 in Armour
  2548 | D:4      | Reached XP level 6. HP: 50/55 MP: 6/6
  2560 | D:4      | Found a radiant altar of Vehumet.
  2594 | D:4      | Reached skill level 5 in Fighting
  2813 | D:4      | Reached skill level 7 in Axes
  2884 | D:4      | Found a staircase to the Ecumenical Temple.
  2913 | Temple   | Entered the Ecumenical Temple
  3095 | D:4      | Reached XP level 7. HP: 47/61 MP: 7/7
  3154 | D:5      | Entered Level 5 of the Dungeon
  3271 | D:5      | Splashed by a jelly's acid

Illustrated notes

Levels and vault maps discovered:
D:1:      lemuel_arrival_tunnels, layout_loops_corners
D:2:      layout_loops_ring, shapermc_ecumenical_altar_pompeii,
          dreamdust_wishing_well, uniq_robin
D:3:      layout_basic, serial_shops, nicolae_shop_competitors_out_of_business,
          nicolae_shop_peninsula, shop, nicolae_shop_statue_plus,
          nicolae_shop_bloodbath_and_beyond, nicolae_elevator_lobby_asterisk
D:4:      layout_rooms, mainiacjoe_overflow_24_doors,
          minmay_temple_entry_overgrown, dk_rats_in_the_wall
D:5:      layout_loops_ring, serial_bayou_lagoon_a, chequers_avenue,
          minmay_quadrilaterals, uniq_sigmund, uniq_menkaure, uniq_grinder
Temple:   minmay_crystal_spiral_temple

Skill      XL: |  1  2  3  4  5  6 |
---------------+-------------------+-----
Fighting       | 4 5 |  5.6
Axes           | 5 6 7 |  7.7
Dodging        | 3 |  3.4
Armour         | 1 2 |  2.7
Stealth        | |  0.4

Action                     |  1- 3 |  4- 6 |  7- 9 || total
---------------------------+-------+-------+-------++-------
  Melee: Hand axe          |   104 |   251 |    52 ||   407
    Use: Scroll            |     4 |       |       ||     4
         Potion            |       |     1 |     1 ||     2
 Armour: Robe              |    46 |    29 |       ||    75
         Skin              |     9 |       |       ||     9
         Scale mail        |       |   139 |    42 ||   181
  Dodge: Dodged            |    94 |   164 |    30 ||   288

Table legend: (Time is in decaauts)
 A = Elapsed time spent in this place.
 B = Non-inter-level travel time spent in this place.
 C = Inter-level travel time spent in this place.
 D = Time resting spent in this place.
 E = Time spent auto-exploring this place.
 F = Levels seen in this place.
 G = Mean time per level.
                   A        B        C        D        E       F      G
               +--------+--------+--------+--------+--------+-----+--------+
         Total |   3272 |   3184 |     88 |     47 |   1946 |   6 |  545.3 |
       Dungeon |   3264 |   3176 |     88 |     47 |   1946 |   5 |  652.8 |
        Temple |      7 |      7 |      0 |      0 |      0 |   1 |    7.0 |
               +--------+--------+--------+--------+--------+-----+--------+

Top non-repeatable levels by time:
     D:1: 1018 daAuts
     D:4: 793 daAuts
     D:2: 756 daAuts
     D:3: 600 daAuts
     D:5: 95 daAuts
  Temple: 7 daAuts
